 Dungeon Crawl Stone Soup version 0.17.1-1-g73c8601 (webtiles) character file.

15 penguinsfan71 the Insei (level 2, 0/23 HPs)
             Began as a Demigod Transmuter on Dec 18, 2015.
             Slain by a hobgoblin (4 damage)
             ... on level 1 of the Dungeon.
             The game lasted 00:02:31 (281 turns).

penguinsfan71 the Insei (Demigod Transmuter)         Turns: 281, Time: 00:02:31

Health: 0/23       AC:  3    Str: 13    XL:     2   Next: 21%
Magic:  7/7        EV:  9    Int: 17    God:
Gold:   45         SH:  7    Dex: 16    Spells: 1 memorised, 4 levels left

rFire  . . .     SeeInvis .     f - +0 hand axe (curse)
rCold  . . .     Clarity  .     i - +0 leather armour
rNeg   . . .     SustAt   +     k - +0 shield
rPois  .         Gourm    .     (no helmet)
rElec  .         Spirit   .     (no cloak)
rCorr  .         Warding  .     (no gloves)
rMut   .         Stasis   .     (no boots)
MR     .....                    (no amulet)
Stlth  +.........               (no ring)
                                (no ring)

@: not resistant to hostile enchantments, very unstealthy
A: high mp 1, sustain attributes
a: no special abilities


You were on level 1 of the Dungeon.
You were not hungry.

You visited 1 branch of the dungeon, and saw 1 of its levels.

You collected 45 gold pieces.

Inventory:

Hand Weapons
 f - a cursed +0 hand axe (weapon)
Missiles
 a - 12 arrows
 g - 16 bolts
Armour
 b - a +0 robe
 i - a +0 leather armour (worn)
 k - a +0 shield (worn)
Scrolls
 e - a scroll of teleportation {unknown}
 j - a scroll of identify {unknown}
Books
 c - a book of Changes

   Spells                             Type                      Level
   a - Beastly Appendage              Transmutation                1
   b - Sticks to Snakes               Transmutation                2
   c - Spider Form                    Transmutation/Poison         3
   d - Ice Form                       Ice/Transmutation            4
   e - Blade Hands                    Transmutation                5
Comestibles
 d - 2 bread rations
 h - a meat ration


   Skills:
 + Level 1.0 Fighting
 + Level 1.9 Dodging
 + Level 3.0 Unarmed Combat
 + Level 2.0 Spellcasting
 + Level 1.9 Transmutations


You had 4 spell levels left.
You knew the following spells:

 Your Spells              Type           Power        Failure   Level  Hunger
a - Beastly Appendage     Trmt           #.....       86%         1    #......


Dungeon Overview and Level Annotations

Branches:
Dungeon (1/15)


Innate Abilities, Weirdness & Mutations

You have an increased reservoir of magic (+10% MP).
Your attributes are resistant to harm.


Message History

You block the kobold's attack. The giant newt barely misses you.
You miss the kobold.
The kobold is heavily wounded.
You hit the giant newt.
The giant newt is heavily wounded.
You block the kobold's attack. The giant newt closely misses you.
You hit the kobold.
You kill the kobold!
You hit the giant newt.
You kill the giant newt!
You block the hobgoblin's attack.
You hit the hobgoblin.
The hobgoblin is moderately wounded.
The hobgoblin hits you.
* * * LOW HITPOINT WARNING * * *
You hit the hobgoblin but do no damage.
The hobgoblin is moderately wounded.
The hobgoblin hits you but does no damage.
The hobgoblin hits you.
You die...

##.######.####
##.....(......######
...........[........
........##(##.###### .
............#.#
#.#########†#####.#
...........(......#####
......†................
......g@........###
##########.##.#.#
#.#..#.# #.#.##.# ....
#.# #### #.# #.# #.#
#.#


You could see a hobgoblin.

Vanquished Creatures
  An ooze (D:1)
  A giant cockroach (D:1)
  2 hobgoblins (D:1)
  A giant newt (D:1)
  5 kobolds (D:1)
  A rat (D:1)
11 creatures vanquished.

Notes
Turn   | Place    | Note
--------------------------------------------------------------
     0 | D:1      | penguinsfan71 the Demigod Transmuter began the quest for the Orb.
     0 | D:1      | Reached XP level 1. HP: 15/15 MP: 5/5
     2 | D:1      | Noticed an ogre
     2 | D:1      | Noticed a vine stalker
     4 | D:1      | Noticed a merfolk
     4 | D:1      | Noticed a spriggan
     6 | D:1      | Noticed a gargoyle
     8 | D:1      | Noticed a draconian
    11 | D:1      | Noticed a formicid
    13 | D:1      | Noticed a vampire
    13 | D:1      | Noticed a minotaur
    16 | D:1      | Noticed a tengu
    20 | D:1      | Noticed a troll
    20 | D:1      | Noticed a naga
    22 | D:1      | Noticed a felid
    22 | D:1      | Noticed a dwarf
    24 | D:1      | Noticed a centaur
    24 | D:1      | Noticed a human
    26 | D:1      | Noticed a demigod
    26 | D:1      | Noticed a ghoul
    28 | D:1      | Noticed an elf
    32 | D:1      | Noticed an octopode
    32 | D:1      | Noticed a demonspawn
   227 | D:1      | Reached skill level 1 in Fighting
   235 | D:1      | Reached skill level 3 in Unarmed Combat
   235 | D:1      | Reached XP level 2. HP: 8/23 MP: 5/7
   281 | D:1      | Slain by a hobgoblin

Action                   || total
-------------------------++-------
Melee: Hand axe          ||    37
 Cast: Beastly Appendage ||     1
